 Dungeon Crawl Stone Soup version 0.31-a0-1278-g11c5b68f87 (webtiles) character file.

Game seed: 1575952088123488419

273 Destinykillz the Shield-Bearer (level 6, -2/61 HPs)
             Began as a Troll Fighter on Dec 18, 2023.
             Was a Follower of Okawaru.
             Killed from afar by a steam dragon (21 damage)
             ... with a ball of steam
             ... on level 4 of the Dungeon.
             The game lasted 00:05:23 (2692 turns).

Destinykillz the Shield-Bearer (Troll Fighter)      Turns: 2692, Time: 00:05:24

Health: -2/61      AC:  4    Str: 27    XL:     6   Next: 2%
Magic:  5/5        EV:  9    Int:  4    God:    Okawaru [*.....]
Gold:   157        SH:  8    Dex:  9    Spells: 5/5 levels left

rFire   . .          .
                       - Unarmed
rCold   . . .        b - +0 kite shield
rNeg    . . .        a - +0 robe
rPois   .            (helmet restricted)
rElec   .            h - scarf {repulsion}
rCorr   .            (gloves unavailable)
SInv    .            (boots unavailable)
Will    .....        (no amulet)
Stlth   +            (no ring)
HPRegen 1.10/turn    (no ring)
MPRegen 0.09/turn

%: repel missiles
@: no status effects
A: large, unfitting armour, claws 3, regeneration 1, shaggy fur 1, tough skin 1
a: Renounce Religion, Heroism


You were on level 4 of the Dungeon.
You worshipped Okawaru.
Okawaru was aware of your devotion.
You visited 1 branch of the dungeon, and saw 4 of its levels.

You collected 157 gold pieces.

Inventory:

Armour
 a - a +0 robe (worn)
 b - a +0 kite shield (worn)
 h - a scarf of repulsion (worn)
Jewellery
 p - a ring of fire
Wands
 r - a wand of paralysis (13)
Scrolls
 e - 3 scrolls of identify {unknown}
 g - a scroll of poison {unknown}
 i - a scroll of amnesia {unknown}
 j - a scroll of teleportation {unknown}
 k - a scroll of blinking {unknown}
 m - a scroll of immolation {unknown}
 q - a scroll of vulnerability {unknown}
Potions
 c - a potion of might
 d - 3 potions of haste {unknown}
 f - a potion of brilliance {unknown}
 l - a potion of curing {unknown}
 n - a potion of resistance {unknown}
 o - 2 potions of heal wounds {unknown}
 s - a potion of invisibility {unknown}


   Skills:
 + Level 3.5 Fighting
 + Level 3.4 Dodging
 + Level 3.9 Shields
 + Level 3.5 Unarmed Combat


You had 5 spell levels left.
You didn't know any spells.
Your spell library contained the following spells:

 Spells                   Type           Power      Damage    Failure   Level
 Cigotuvi's Dreadful Rot  Necr/Pois/Air  0%         N/A       86%         2
 Ignite Poison            Fire/Tmut/Pois 0%         N/A       98%         3
 Freezing Cloud           Conj/Ice/Air   0%         6-21      100%        5


Dungeon Overview and Level Annotations

Branches:
Dungeon (4/15)
 Temple: D:4-7

Altars:
Cheibriados
Okawaru
Sif Muna

Annotations:
D:3 2 transporters, jestert79's ghost, amateur KoCj


Innate Abilities, Weirdness & Mutations

You are too large for most types of armour.
You have claws for hands.
Your natural rate of healing is unusually fast.
You are covered in fur. (AC +1)
You have tough skin. (AC +1)


Message History

You see here a +0 spear of venom.
There is an open door here.
A dart slug comes into view.
The dart slug launches a dart at you.
The slug dart hits you but does no damage.
The dart slug launches a dart at you.
The slug dart is repelled.
You claw the dart slug!
You kill the dart slug!
Okawaru accepts your kill.
No target in view!
No target in view!
Partly explored, unvisited transporter.
Partly explored, unvisited transporter.
There is a stone staircase leading down here.
You climb downwards.
Found a robe and 13 gold pieces.
There is a stone staircase leading up here.
You now have 157 gold pieces (gained 13).
You see here a +0 robe.
s - a sedimented dark potion A steam dragon comes into view.
The steam dragon breathes steam at you. The ball of steam hits you!
No target in view!
No target in view!
No target in view!
You are engulfed in a cloud of scalding steam.
You are engulfed in a cloud of scalding steam.
You are engulfed in a cloud of scalding steam.
The steam dragon bites you. The steam dragon claws you.
You closely miss the steam dragon.
You are engulfed in a cloud of scalding steam.
You block the steam dragon's attack. The steam dragon claws you.
You barely miss the steam dragon.
You are engulfed in a cloud of scalding steam.
* * * LOW HITPOINT WARNING * * *
The steam dragon breathes steam at you. The ball of steam hits you!!
You die...

##### ..#.#
############.#.#########
......D@ยง....#..........
#.#########..#.#########
#..#[#.#....#.
######..#.#........
........#.....#.##.
#######.#...###.##.
#.#.#####.##.
#.#<......##.
#.#.########.


You could see a steam dragon (catching breath).

Vanquished Creatures
  Terence (D:3)
  Jessica (D:3)
  Ijyb (D:3)
  7 gnolls
  4 adders
  4 worms
  3 dart slugs
  2 ball pythons (D:2)
  5 endoplasms
  5 giant cockroaches
  6 goblins
  7 hobgoblins
  8 jackals
  3 kobolds
  2 quokkas
  4 bats
  6 frilled lizards
  7 rats
76 creatures vanquished.

Notes
Turn   | Place    | Note
-------+----------+-------------------------------------------
     0 | D:1      | Destinykillz the Troll Fighter began the quest for the Orb.
     0 | D:1      | Reached XP level 1. HP: 22/22 MP: 0/0
   151 | D:1      | Reached XP level 2. HP: 29/29 MP: 1/1
   487 | D:1      | Reached XP level 3. HP: 32/36 MP: 2/2
  1304 | D:2      | Found an iron altar of Okawaru.
  1327 | D:2      | Reached XP level 4. HP: 25/44 MP: 3/3
  1359 | D:2      | Became a worshipper of Warmaster Okawaru
  1939 | D:2      | Reached XP level 5. HP: 21/53 MP: 4/4
  2051 | D:3      | Found a snail-covered altar of Cheibriados.
  2058 | D:3      | Noticed Ijyb
  2070 | D:3      | Paralysed by Ijyb for 3 turns
  2075 | D:3      | Paralysed by Ijyb for 5 turns
  2081 | D:3      | Killed Ijyb
  2188 | D:3      | Found a transporter.
  2200 | D:3      | Noticed Terence
  2209 | D:3      | Killed Terence
  2229 | D:3      | Reached * piety under Okawaru
  2269 | D:3      | Found a shimmering blue altar of Sif Muna.
  2478 | D:3      | Noticed Jessica
  2480 | D:3      | Killed Jessica
  2481 | D:3      | Reached XP level 6. HP: 61/61 MP: 5/5
  2482 | D:3      | Noticed jestert79's ghost (amateur KoCj)
  2489 | D:3      | Found a transporter.
  2686 | D:4      | Noticed a steam dragon
  2692 | D:4      | Killed from afar by a steam dragon

Illustrated notes

Levels and vault maps discovered:
D:1:      dpeg_arrival_arbitrary_b, layout_basic
D:2:      layout_loops_corners, basic_altar, minmay_worlds_worst_comb
D:3:      layout_basic, nicolae_overflow_crystal_walls,
          nicolae_sif_muna_condensation, gammafunk_ghost_stat_death,
          uniq_terence, uniq_jessica, uniq_ijyb
D:4:      layout_basic, corexii_corridor_pit,
          nicolae_concentric_dashed_squares_wild, minivault_23, uniq_grinder

Skill      XL: |  1  2  3  4 |
---------------+-------------+-----
Shields        | 3 |  3.9
Fighting       | 3 |  3.5
Dodging        | 3 |  3.4
Unarmed Combat | 3 |  3.5

Action                     |  1- 3 |  4- 6 || total
---------------------------+-------+-------++-------
  Melee: Unarmed           |    98 |   129 ||   227
 Armour: Robe              |    58 |    78 ||   136
  Dodge: Dodged            |    35 |    32 ||    67
         Repelled          |       |     1 ||     1
  Block: Kite shield       |    39 |    51 ||    90

Table legend: (Time is in decaauts)
 A = Elapsed time spent in this place.
 B = Non-inter-level travel time spent in this place.
 C = Inter-level travel time spent in this place.
 D = Time resting spent in this place.
 E = Time spent auto-exploring this place.
 F = Levels seen in this place.
 G = Mean time per level.
                   A        B        C        D        E       F      G
               +--------+--------+--------+--------+--------+-----+--------+
         Total |   2707 |   2630 |     77 |     49 |   2000 |   4 |  676.8 |
       Dungeon |   2707 |   2630 |     77 |     49 |   2000 |   4 |  676.8 |
               +--------+--------+--------+--------+--------+-----+--------+

Top non-repeatable levels by time:
     D:1: 1025 daAuts
     D:2: 968 daAuts
     D:3: 623 daAuts
     D:4: 89 daAuts
